 Dungeon Crawl Stone Soup version 0.31-a0-574-g69dc8cc98e (webtiles) character file.

Game seed: 17574564104877244456

356210 Pooter the Executioner (level 21, 0/192 (196) HPs)
             Began as a Minotaur Berserker on Aug 17, 2023.
             Was the Champion of Trog.
             Killed from afar by a putrid mouth (10 damage)
             ... with a foul vapour
             ... called by a doom hound
             ... on level 1 of the Crypt on Aug 19, 2023.
             The game lasted 04:41:58 (66235 turns).

Pooter the Executioner (Minotaur Berserker)        Turns: 66235, Time: 04:41:58

HP:   0/192 (196)   AC: 46    Str: 38    XL:     21   Next: 39%
MP:   1/20          EV: 13    Int:  8    God:    Trog [******]
Gold: 4333          SH:  0    Dex: 18    Spells: 20/20 levels left

rFire   . . .        a - +0 battleaxe (heavy)
rCold   + + +        (shield currently unavailable)
rNeg    . . .        N - +7 crystal plate armour "Zieskoom" {Rampage rElec rC+++ Dex-2}
rPois   +            O - +2 hat {SInv}
rElec   +            n - +2 cloak of Dawn {rElec Will+ Int+5}
rCorr   .            J - +2 pair of gloves {infuse}
SInv    +            S - +2 pair of boots
Will    ++...        X - amulet of regeneration Stlth
                     I - +6 ring of dexterity
HPRegen 1.32/turn    e - +6 ring of strength
MPRegen 0.17/turn

%: rampage, infuse magic (1 MP)
@: mighty, on berserk cooldown, slowed, studying Stealth, lightly drained, very
slow
A: horns 2, retaliatory headbutt, poison resistance, strong 1
}: 2/15 runes: decaying, gossamer
a: Renounce Religion, Berserk, Trog's Hand, Brothers in Arms


You were on level 1 of the Crypt.
You worshipped Trog.
Trog was exalted by your worship.
You visited 8 branches of the dungeon, and saw 38 of its levels.
You also visited: Bailey, Gauntlet and Ice Cave.

You collected 5210 gold pieces.
You spent 877 gold pieces at shops.

Inventory:

Hand Weapons
 a - a +0 heavy battleaxe (weapon)
   (You took it off an ancient champion on level 3 of the Vaults)
 b - a +8 antimagic arbalest
   (You found it on level 5 of the Lair of Beasts)
 B - a +1 battleaxe of flaming
   (You took it off a vault warden on level 2 of the Vaults)
 G - a +3 antimagic executioner's axe
   (Trog gifted it to you on level 2 of the Swamp)
 M - the +11 war axe of the Enchanted Forest {drain, rN+ Will+++ Int+2 Dex-2}
   (You found it on level 3 of the Elven Halls)

   Int+2:     It affects your intelligence (+2).
   Dex-2:     It affects your dexterity (-2).
   rN+:       It protects you from negative energy.
   Will+++:   It greatly increases your willpower.
 P - the +0 dire flail "Dirotur" {heavy, rPois rC+}
   (Trog gifted it to you on level 1 of the Elven Halls)

   rC+:       It protects you from cold.
   rPois:     It protects you from poison
Missiles
 r - 6 boomerangs (quivered)
 A - 19 javelins
 R - 18 curare-tipped darts
 U - 11 silver javelins
Armour
 n - the +2 cloak of Dawn (worn) {rElec Will+ Int+5}
   (You found it in a bailey)

   Int+5:     It affects your intelligence (+5).
   rElec:     It insulates you from electricity.
   Will+:     It increases your willpower.
 J - a +2 pair of gloves of infusion (worn)
   (You found it on level 3 of the Elven Halls)
 L - a scarf of repulsion
   (You found it on level 4 of the Spider Nest)
 N - the +7 crystal plate armour "Zieskoom" (worn) {Rampage rElec rC+++ Dex-2}
   (You took it off an orc warrior in a bailey)

   Dex-2:     It affects your dexterity (-2).
   rC+++:     It renders you almost immune to cold.
   rElec:     It insulates you from electricity.
   Rampage:   It bestows one free step when moving towards enemies.
 O - a +2 hat of see invisible (worn)
   (You found it on level 4 of the Spider Nest)
 S - a +2 pair of boots (worn)
   (You found it in an ice cave)
Jewellery
 e - a +6 ring of strength (right hand)
   (You took it off a deep elf demonologist on level 3 of the Elven Halls)
 x - the dreamshard necklace {Acrobat *Dream}
   (You took it off a deep elf demonologist on level 3 of the Elven Halls)

   [amulet of the acrobat]

   *Dream:    It absorbs a single lethal wound into itself, holding its wearer
   just short of death and releasing dream-creatures to guard them.
   Acrobat:   It increases your evasion while moving and waiting.
 C - a ring of resist corrosion
   (You found it on level 5 of the Dungeon)
 E - a ring of flight
   (You found it on level 14 of the Dungeon)
 F - the ring of Birdsong {rF++ EV+5 Int+2}
   (You found it on level 2 of the Dungeon)

   [ring of evasion]

   EV+5:      It affects your evasion (+5).
   Int+2:     It affects your intelligence (+2).
   rF++:      It greatly protects you from fire.
 I - a +6 ring of dexterity (left hand)
   (You found it on level 4 of the Lair of Beasts)
 T - the ring of the Vanishing Emperors {rF+ rN+}
   (You took it off a deep elf death mage on level 3 of the Elven Halls)

   [ring of protection from fire]

   rF+:       It protects you from fire.
   rN+:       It protects you from negative energy.
 X - an amulet of regeneration (around neck)
   (You found it on level 1 of the Dungeon)
Wands
 d - a wand of iceblast (27)
   (You found it on level 9 of the Dungeon)
 f - a wand of flame (26)
   (You found it on level 2 of the Lair of Beasts)
 k - a wand of polymorph (19)
   (You took it off a kobold brigand on level 7 of the Dungeon)
 u - a wand of paralysis (42)
   (You found it on level 4 of the Dungeon)
 D - a wand of digging (3)
   (You found it on level 11 of the Dungeon)
 K - a wand of mindburst (26)
   (You found it on level 8 of the Dungeon)
 W - a wand of light (8)
   (You found it in an ice cave)
Scrolls
 g - 7 scrolls of fog
 h - 2 scrolls of summoning
 i - 14 scrolls of identify {@r1}
 l - 5 scrolls of blinking
 m - a scroll of brand weapon
 t - 10 scrolls of teleportation {@r4}
 z - 4 scrolls of poison {!r}
 H - 8 scrolls of noise {!r}
 Q - 5 scrolls of revelation
 Y - 4 scrolls of immolation {!r}
 Z - 3 scrolls of silence
Potions
 c - a potion of haste {@q3}
 j - 7 potions of lignification {!q}
 o - 4 potions of cancellation
 p - 2 potions of resistance
 q - 3 potions of mutation {!q}
 s - 3 potions of enlightenment
 v - 3 potions of invisibility
 w - 10 potions of heal wounds {@q2}
 y - 16 potions of curing {@q1}
 V - 2 potions of might


   Skills:
 + Level 18.9 Fighting
 + Level 21.5(22.2) Axes
 - Level 10.5(17.2) Maces & Flails
 + Level 18.7 Ranged Weapons
 - Level 6.7 Throwing
 - Level 19.0 Armour
 + Level 9.6 Dodging
 * Level 11.6 Stealth
 - Level 10.5 Evocations


You had 20 spell levels left.
You didn't know any spells.
Your spell library was empty.

Dungeon Overview and Level Annotations

Branches:
Dungeon (15/15) Zot: 25993  Temple (0/1) D:6            Lair (5/5) D:10 Zot: 23419
  Swamp (4/4) Lair:2 Zot: 16192  Spider (4/4) Lair:2 Zot: 11212   Slime (0/5) Lair:4
    Orc (2/2) D:10 Zot: 8811     Elf (3/3) Orc:2 Zot: 11030  Vaults (3/5) D:13 Zot: 13367
  Crypt (2/3) Vaults:3 Zot: 11083  Depths (0/4) D:15         Bailey (visited)
  IceCv (visited)         Gauntlet (visited)

Altars:
Cheibriados
Gozag
Kikubaaqudgha
Makhleb
Nemelex Xobeh
Okawaru
Qazlal
Ru
Sif Muna
Uskayaw
Wu Jian
Xom
Zin
The Shining One
Jiyva

Shops:
D:3 ![:   D:6 *?[(*(   D:8 *   D:9 (   D:15 :   Orc:2 (*![

Portals:
Trove: D:13 (show abyssal rune of Zot)

Annotations:
D:5 1 runed translucent door, Crazy Yiuf
Elf:2 5 runed translucent doors
Crypt:1 3 runed translucent doors, Sosemofa's ghost, veteran DsSu; Zievuyg's ghost, adept MiFi


Innate Abilities, Weirdness & Mutations

You have a pair of horns on your head.
You reflexively headbutt those who attack you in melee.
Your system is resistant to poisons. (rPois)
Your muscles are strong. (Str +4, Int/Dex -1)


Message History

Trog accepts your kill.
You slice the ghoul!! The Tzitzimitl gestures at you.
The bolt of negative energy hits the ghoul.
The ghoul completely resists.
The bolt of negative energy hits you.
You feel drained.
* * * LOW HITPOINT WARNING * * *
You see here a +1 heavy scythe.
A soul eater comes into view.
You feel a strong urge to attack something.
The tormentor hits you but does no damage. x2
The ghoul puts on a burst of speed as it pursues you!
There is a stone staircase leading up here.
You are no longer berserk.
You are exhausted.
You feel yourself slow down.
The tormentor hits you but does no damage.
The tormentor misses you.
The ghoul claws you but does no damage. x2
You climb upwards.
Level annotation: 3 runed translucent doors, Sosemofa's ghost, veteran DsSu; Zievuyg's ghost, adept MiFi 2 putrid mouths come into view.
There is a stone staircase leading down here.
You feel very mighty all of a sudden.
The infernal howling subsides.
The tormentor barely misses you.
The tormentor hits you but does no damage.
The ghoul claws you but does no damage. x2
The tormentor roars, "Surrender, thou tasty snackling!"
The tormentor calls on the powers of darkness!
Your body is wracked with pain!
* * * LOW HITPOINT WARNING * * *
You barely miss the ghoul. You barely miss the tormentor.
* * * LOW MAGIC WARNING * * *
You carve the putrid mouth like a ham!!!
The tormentor hits you but does no damage. x2
The ghoul claws you but does no damage. The ghoul barely misses you.
The putrid mouth bites you.
* * * LOW HITPOINT WARNING * * *
The putrid mouth claws you but does no damage.
The putrid mouth throws miasma at you. The foul vapour misses you.
The tormentor calls on the powers of darkness!
Your body is wracked with pain!
* * * LOW HITPOINT WARNING * * *
The ghoul claws you.
* * * LOW HITPOINT WARNING * * *
The ghoul claws you.
* * * LOW HITPOINT WARNING * * *
The putrid mouth throws miasma at you. The foul vapour engulfs you!
You die...

#.....##.....'. ......
#....##......#. ...#.....?.
#..[##...⌠...'. #
............###..##........## ..
...........#...##......##### ...
.#........#######..⌠..#######
.... ........##.⌠.##............#
.....##......#.2W○.#[............
.............#⌠○@☼W'.⌠.>.⌠..⌠...#
.....#.....#.#.○n○.#............+
.....###.....##.○○##............#
.............########..⌠..#######
....###.##.......##.##......####
. ###[###............##....[...##
###:#.#=###..#.#.#=.####...⌠...+.
#:..⌠_⌠W[(#.........#####......#.
##....WLL##..........##.##.....).


You could see a ghoul (pursuing), 2 putrid mouths and a tormentor.

Vanquished Creatures
  Bai Suzhen (Vaults:2)
  the Lernaean hydra (Swamp:4)
  Arachne (Spider:4)
  2 doom hounds (Crypt:2)
  A shard shrike zombie (Crypt:1)
  Zenata (Vaults:1)
  Jorgrun (D:12)
  A lich (Vaults:1)
  Rupert (Lair:4)
  Grunn (Crypt:2)
  2 deep elf blademasters (Elf:3)
  2 deep elf master archers (Elf:3)
  Gastronok (Lair:3)
  Kirke (Spider:3)
  2 ancient champions
  2 thorn hunters
  Agnes (Spider:3)
  A revenant (Vaults:3)
  Donald (Vaults:1)
  6 emperor scorpions
  Louise (Spider:4)
  4 vault wardens
  5 deep elf sorcerers
  2 ghost moths (Spider:4)
  A deep elf elementalist (Elf:3)
  A reaper (Crypt:2)
  8 ironbound preservers
  A quicksilver ooze (Gauntlet)
  A broodmother (Spider:1)
  A formless jellyfish (Vaults:1)
  A war gargoyle (Vaults:3)
  4 ironbound thunderhulks
  6 vampire knights
  3 eleionomae
  A minotaur (Gauntlet)
  6 deep elf demonologists (Elf:3)
  2 spark wasps (Spider:4)
  3 deep elf annihilators (Elf:3)
  15 dire elephants
  2 eidola (Crypt:1)
  7 deep elf death magi (Elf:3)
  2 bunyips (Swamp:3)
  7 jiangshi
  3 yaktaur captains
  Josephine (D:12)
  2 entropy weavers (Spider:3)
  A deep elf high priest (Elf:3)
  A fire dragon (Lair:5)
  Fannar (Lair:1)
  7 vault guards
  2 great orbs of eyes
  5 radroaches
  A peacekeeper (Vaults:3)
  25 hydras
  12 alligators
  7 centaur warriors
  7 ironbound frosthearts
  The ghost of notthatgreg the Cleaver, a novice HOMo of Zin (D:9)
  5 boulder beetles
  16 dancing weapons
  5 two-headed ogres
  The ghost of Irreverend the Grappler, a novice DrSh of Gozag (D:7)
  A death knight (Crypt:1)
  A vampire mage (Crypt:1)
  13 death yaks
  An orc high priest (Elf:2)
  A death scarab (Gauntlet)
  7 hell knights (D:10)
  3 deep elf knights
  Sonja (D:13)
  4 demonic crawlers
  A soul eater (Gauntlet)
  5 pharaoh ants
  A golden dragon zombie (D:15)
  3 skeletal warriors
  4 goliath frogs
  13 orb spiders
  2 sun moths
  2 spriggan druids
  9 swamp dragons (Swamp:4)
  4 bog bodies
  19 deep trolls
  3 flayed ghosts
  5 deep elf archers
  5 phantasmal warriors
  11 ironbound convokers
  19 deep elf pyromancers
  2 orc knights
  A spectral hydra (Gauntlet)
  7 lindwurms
  A harpy (Vaults:2)
  6 wizards
  7 steelbarb worms
  7 necromancers
  19 deep elf zephyrmancers
  19 ugly things
  3 orc sorcerers
  An oklob plant (Lair:1)
  21 wolf spiders
  6 moths of wrath
  A fire giant zombie (D:15)
  7 cyclopes
  A stone giant zombie (D:15)
  2 manticores
  7 black mambas
  4 will-o-the-wisps
  10 vault sentinels
  An eye of devastation (Lair:4)
  2 gargoyles
  2 alligator snapping turtle zombies
  7 molten gargoyles
  Jeremiah (D:7)
  An ice statue (IceCv)
  9 cane toads
  6 torpor snails
  A pale draconian zombie (Crypt:1)
  9 komodo dragons
  An unseen horror (D:12)
  A kobold demonologist (D:7)
  16 yaktaurs
  4 rime drakes
  An efreet (D:14)
  A rime drake (shapeshifter) (Elf:2)
  3 freezing wraiths (Crypt:1)
  2 guardian mummies
  A catoblepas skeleton (Crypt:2)
  A tarantella (shapeshifter) (D:13)
  9 trolls
  10 tyrant leeches
  2 harpy skeletons (Crypt:1)
  5 hornets
  8 meliai
  33 tarantellas
  11 blink frogs
  A spriggan zombie (D:15)
  A raiju (shapeshifter) (D:14)
  3 air elementals
  7 slime creatures
  30 culicivoras
  An ettin skeleton (Crypt:1)
  9 flying skulls
  46 jumping spiders
  3 vampires
  2 dire elephant simulacra (IceCv)
  A shadow (D:11)
  A water elemental (Elf:1)
  8 spriggans
  4 wyverns
  12 wraiths
  Eustachio (D:5)
  A fire elemental (Elf:3)
  3 hogs (Spider:3)
  A black mamba skeleton (Crypt:1)
  81 yaks
  8 basilisks
  45 redbacks
  16 vampire mosquitoes
  3 death yak simulacra (IceCv)
  A steam dragon (Lair:5)
  3 harpy simulacra (IceCv)
  18 swamp worms
  6 wargs
  A naga zombie (Crypt:1)
  A hydra simulacrum (IceCv)
  3 acid dragons
  A floating eye (Lair:4)
  10 hell hounds
  10 water moccasins
  A glowing shapeshifter skeleton (Crypt:1)
  6 ice beasts
  37 orc warriors
  3 sky beasts
  13 swamp drakes
  4 black bears
  7 ogres
  24 wolves
  22 centaurs
  3 phantoms
  17 bullfrogs
  3 earth elementals
  15 kobold brigands
  2 scorpions
  4 gnoll sergeants (D:10)
  A necrophage (Crypt:2)
  5 two-headed ogre simulacra (IceCv)
  A cane toad simulacrum (IceCv)
  10 wights
  An elephant simulacrum (IceCv)
  5 howler monkeys
  5 electric eels
  A centaur zombie (Crypt:1)
  6 lava snakes
  A jelly (D:5)
  6 orc priests
  4 hounds
  2 sleepcaps (D:6)
  3 iguanas
  Natasha (thrice) (D:4)
  11 orc wizards
  2 polar bear simulacra (IceCv)
  4 spriggan simulacra (IceCv)
  4 hell rats (Lair:3)
  4 troll simulacra (IceCv)
  2 wolf simulacra (IceCv)
  A centaur simulacrum (D:9)
  An ogre skeleton (Crypt:1)
  A killer bee simulacrum (D:9)
  7 gnolls
  8 naga simulacra (IceCv)
  A river rat (D:6)
  8 adders
  4 shadow imps
  11 white imps
  A howler monkey simulacrum (D:9)
  6 ufetubi
  An iguana skeleton (Crypt:1)
  2 worms
  2 dart slugs (D:4)
  83 orcs
  7 ball pythons
  5 bats
  5 endoplasms
  5 giant cockroaches
  11 goblins
  9 hobgoblins
  2 jackals (D:5)
  4 quokkas
  4 frilled lizards
  11 kobolds
  A quokka skeleton (Crypt:1)
  8 rats
1428 creatures vanquished.

Vanquished Creatures (others)
  A deep elf elementalist (Elf:3)
  A deep elf annihilator (Elf:3)
  A deep elf death mage (Elf:3)
  An orc knight (Orc:2)
  A human (Spider:3)
  A swamp drake (Swamp:4)
  An orc (Orc:2)
  11 foxfires
18 creatures vanquished.

Grand Total: 1446 creatures vanquished

Notes
Turn   | Place    | Note
-------+----------+-------------------------------------------
     0 | D:1      | Pooter the Minotaur Berserker began the quest for the Orb.
     0 | D:1      | Reached XP level 1. HP: 19/19 MP: 0/0
   291 | D:1      | Reached skill level 4 in Axes
   530 | D:1      | Reached XP level 2. HP: 27/27 MP: 1/1
  1102 | D:2      | Reached XP level 3. HP: 32/33 MP: 2/2
  1167 | D:2      | Identified the ring of Birdsong {rF++ EV+5 Int+2}
  1178 | D:2      | Reached skill level 5 in Axes
  1200 | D:2      | Reached ** piety under Trog
  1218 | D:2      | Found a faded altar of an unknown god.
  1229 | D:2      | You fall into a shaft and drop 2 floors!
  1344 | D:4      | Noticed Natasha
  1349 | D:4      | Killed Natasha
  1350 | D:4      | Reached XP level 4. HP: 41/41 MP: 3/3
  1700 | D:3      | Found an ornate altar of the Wu Jian Council.
  2308 | D:3      | Reached XP level 5. HP: 47/47 MP: 4/4
  2317 | D:3      | Found Ratogg's Distillery.
  2324 | D:3      | Reached skill level 5 in Fighting
  2332 | D:3      | Bought 2 potions of curing for 60 gold pieces
  2332 | D:3      | Bought a potion of heal wounds for 50 gold pieces
  2332 | D:3      | Bought a potion of heal wounds for 50 gold pieces
  2461 | D:3      | Found a glowing silver altar of Zin.
  2481 | D:3      | Found Ukluzxixt's Armour Boutique.
  2570 | D:3      | Found Optuvvou's Book Shoppe.
  2744 | D:4      | Reached skill level 6 in Axes
  2745 | D:4      | Noticed Natasha
  2754 | D:4      | Reached skill level 1 in Ranged Weapons
  2756 | D:4      | Killed Natasha
  2847 | D:4      | Noticed Natasha
  2858 | D:4      | Killed Natasha
  2894 | D:4      | Reached *** piety under Trog
  3157 | D:5      | Entered Level 5 of the Dungeon
  3214 | D:5      | Reached XP level 6. HP: 56/56 MP: 5/5
  4037 | D:5      | Found a burning altar of Makhleb.
  4100 | D:5      | Found a shimmering altar of Xom.
  4379 | D:5      | Noticed Eustachio
  4536 | D:5      | Killed Eustachio
  4537 | D:5      | Reached skill level 7 in Axes
  4537 | D:5      | Reached XP level 7. HP: 62/62 MP: 6/6
  4708 | D:5      | Found a runed translucent door.
  4709 | D:5      | Noticed Crazy Yiuf
  4731 | D:5      | Found a hide-covered altar of Uskayaw.
  5144 | D:6      | Found a sacrificial altar of Ru.
  5169 | D:6      | Found Iguubune's Antique Weapon Shoppe.
  5187 | D:6      | Found a sparkling altar of Nemelex Xobeh.
  5222 | D:6      | Found Gozag's Platinum Reserve.
  5240 | D:6      | Found Beorita's Weapon Shoppe.
  5258 | D:6      | Found an opulent altar of Gozag.
  5274 | D:6      | Found a staircase to the Ecumenical Temple.
  5292 | D:6      | Found Kolif's Antique Armour Boutique.
  5315 | D:6      | Found Reemeh's Magic Scroll Shop.
  5357 | D:6      | Found Ykhuw's Assorted Antiques.
  5415 | D:6      | Reached skill level 8 in Axes
  5415 | D:6      | Reached skill level 5 in Ranged Weapons
  5465 | D:6      | Reached XP level 8. HP: 71/71 MP: 7/7
  5570 | D:6      | Reached skill level 9 in Axes
  5750 | D:6      | Bought a +0 arbalest for 63 gold pieces
  6003 | D:6      | Found a snail-covered altar of Cheibriados.
  6098 | D:6      | Bought a scroll of identify for 42 gold pieces
  6231 | D:6      | Bought a scroll of identify for 28 gold pieces
  6288 | D:6      | Found an iron altar of Okawaru.
  6549 | D:6      | Bought a scroll labelled ZAH OHIARHELOA for 21 gold pieces
  6671 | D:7      | Noticed Jeremiah
  6713 | D:6      | Reached skill level 10 in Axes
  6724 | D:6      | Reached XP level 9. HP: 79/79 MP: 8/8
  7594 | D:7      | Killed Jeremiah
  7749 | D:7      | Found a runed translucent gate.
  7749 | D:7      | Found a runed translucent gate.
  7749 | D:7      | Found a runed translucent gate.
  7750 | D:7      | Noticed Irreverend's ghost (novice DrSh)
  7753 | D:7      | Noticed a kobold demonologist
  8008 | D:8      | Reached skill level 11 in Axes
  8050 | D:8      | Found a flagged portal.
  8061 | Bailey   | Entered a bailey
  9418 | Bailey   | Noticed an orc knight
  9450 | Bailey   | Killed an orc knight
  9460 | Bailey   | Reached **** piety under Trog
  9489 | Bailey   | Identified the +7 crystal plate armour "Zieskoom" {Rampage
                  | rElec rC+++ Dex-2}
  9519 | Bailey   | Reached XP level 10. HP: 90/90 MP: 9/9
 10252 | Bailey   | Identified the +2 cloak of Dawn {rElec Will+ Int+5}
 11116 | D:6      | Bought 2 coppery potions for 37 gold pieces
 11134 | D:6      | Bought a scroll of teleportation for 42 gold pieces
 11134 | D:6      | Bought a scroll of teleportation for 42 gold pieces
 11474 | D:8      | Reached skill level 12 in Axes
 11932 | D:8      | Found Enti's Mayhem Merchandise.
 12207 | D:9      | Found Rirau's Antique Weapon Shoppe.
 12275 | D:9      | Found a glowing golden altar of the Shining One.
 12282 | D:9      | Found a shimmering blue altar of Sif Muna.
 12421 | D:9      | Found a runed translucent gate.
 12421 | D:9      | Found a runed translucent gate.
 12421 | D:9      | Found a runed translucent gate.
 12516 | D:9      | Reached skill level 10 in Ranged Weapons
 12607 | D:9      | Noticed a centaur warrior
 12628 | D:9      | Killed a centaur warrior
 12635 | D:9      | Reached skill level 13 in Axes
 12715 | D:9      | Reached skill level 10 in Fighting
 12827 | D:9      | Noticed notthatgreg's ghost (novice HOMo)
 12911 | D:9      | Reached XP level 11. HP: 99/99 MP: 10/10
 12957 | D:9      | Killed notthatgreg's ghost
 13014 | D:10     | Entered Level 10 of the Dungeon
 14120 | D:10     | Reached skill level 14 in Axes
 14184 | D:10     | Found a stormy altar of Qazlal.
 14288 | D:10     | Found a staircase to the Orcish Mines.
 14604 | D:10     | Found a staircase to the Lair.
 14665 | D:10     | Found an ancient bone altar of Kikubaaqudgha.
 14803 | D:10     | Noticed a hell knight
 14812 | D:10     | Killed a hell knight
 14829 | D:10     | Noticed a hell knight
 14835 | D:10     | Noticed a hell knight
 14840 | D:10     | Noticed a hell knight
 14841 | D:10     | Noticed a necromancer
 14844 | D:10     | Noticed a hell knight
 14845 | D:10     | Noticed a hell knight
 14849 | D:10     | Killed a necromancer
 14857 | D:10     | Killed a hell knight
 14858 | D:10     | Reached skill level 15 in Axes
 14953 | D:10     | Killed a hell knight
 14959 | D:10     | Killed a hell knight
 14971 | D:10     | Reached XP level 12. HP: 103/110 MP: 11/11
 15314 | Lair:1   | Entered Level 1 of the Lair of Beasts
 15522 | Lair:1   | Noticed Fannar
 15537 | Lair:1   | Killed Fannar
 15538 | Lair:1   | Reached skill level 16 in Axes
 15556 | Lair:1   | Upgraded the game from 0.31-a0-564-g3b7de120b3 to
                  | 0.31-a0-574-g69dc8cc98e
 16312 | Lair:2   | Found a frozen archway.
 16326 | IceCv    | Entered an ice cave
 16725 | IceCv    | Reached skill level 1 in Evocations
 19317 | Lair:2   | Reached skill level 5 in Armour
 19317 | Lair:2   | Reached XP level 13. HP: 119/119 MP: 12/12
 19479 | Lair:2   | Reached skill level 17 in Axes
 19479 | Lair:2   | Reached ***** piety under Trog
 19586 | Lair:2   | Found a hole to the Spider Nest.
 19630 | Lair:2   | Found a staircase to the Swamp.
 20155 | Lair:3   | Identified the +1 flail of Defiance {freeze, rC+ SInv}
 20585 | Lair:3   | Noticed Gastronok
 20595 | Lair:3   | Killed Gastronok
 21147 | Lair:4   | Found a viscous altar of Jiyva.
 21148 | Lair:4   | Found a staircase to the Slime Pits.
 21149 | Lair:4   | Paralysed by a floating eye for 2 turns
 21664 | Lair:4   | Reached skill level 1 in Maces & Flails
 21709 | Lair:4   | Reached skill level 15 in Ranged Weapons
 21714 | Lair:4   | Noticed Rupert
 21727 | Lair:4   | Killed Rupert
 21728 | Lair:4   | Reached skill level 18 in Axes
 21735 | Lair:4   | Reached XP level 14. HP: 96/129 MP: 13/13
 22586 | D:7      | Killed Irreverend's ghost
 22822 | Lair:5   | Entered Level 5 of the Lair of Beasts
 23496 | Lair:5   | Reached skill level 5 in Evocations
 23532 | Lair:5   | Reached skill level 10 in Armour
 24017 | Lair:5   | Found a large runed translucent door.
 24017 | Lair:5   | Found a large runed translucent door.
 24798 | Orc:1    | Entered Level 1 of the Orcish Mines
 25168 | Orc:2    | Entered Level 2 of the Orcish Mines
 25316 | Orc:2    | Reached skill level 19 in Axes
 25324 | Orc:2    | Reached skill level 5 in Maces & Flails
 25361 | Orc:2    | Found a gate leading to a gauntlet.
 25370 | Gauntlet | Entered a Gauntlet
 25370 | Gauntlet | Found a runed translucent door.
 25370 | Gauntlet | Found a transporter.
 25370 | Gauntlet | Found a runed translucent door.
 25370 | Gauntlet | Found a transporter.
 25456 | Gauntlet | Found a transporter.
 25457 | Gauntlet | Found a transporter.
 25458 | Gauntlet | Found a large runed translucent door.
 25459 | Gauntlet | Found a large runed translucent door.
 25459 | Gauntlet | Found a transporter.
 25460 | Gauntlet | Found a large runed translucent door.
 25460 | Gauntlet | Found a large runed translucent door.
 25460 | Gauntlet | Found a runed translucent door.
 25460 | Gauntlet | Found a transporter.
 25460 | Gauntlet | Found a runed translucent door.
 25461 | Gauntlet | Found a large runed translucent door.
 25494 | Gauntlet | Found a large runed translucent door.
 25495 | Gauntlet | Found a large runed translucent door.
 25496 | Gauntlet | Found a large runed translucent door.
 25496 | Gauntlet | Found a large runed translucent door.
 25498 | Gauntlet | Identified the amulet "Apseciv" {RegenMP MP+9}
 25505 | Gauntlet | Found a large runed translucent door.
 25505 | Gauntlet | Found a large runed translucent door.
 25505 | Gauntlet | Found a large runed translucent door.
 25506 | Gauntlet | Found a large runed translucent door.
 25506 | Gauntlet | Found a large runed translucent door.
 25506 | Gauntlet | Found a large runed translucent door.
 25506 | Gauntlet | Found a large runed translucent door.
 25507 | Gauntlet | Found a runed translucent gate.
 25507 | Gauntlet | Found a runed translucent gate.
 25507 | Gauntlet | Found a runed translucent gate.
 25508 | Gauntlet | Found a transporter.
 25512 | Gauntlet | Found a transporter.
 25517 | Gauntlet | Reached XP level 15. HP: 138/138 MP: 14/14
 25523 | Gauntlet | Identified the ring of the Failed Coup {rPois Str+2 Dex+6
                  | Slay-6}
 25535 | Gauntlet | Found a transporter.
 25537 | Gauntlet | Found a transporter.
 25550 | Gauntlet | Identified the +1 hat "Omech" {rCorr Str+6 Int-2}
 25637 | Gauntlet | Identified the +9 rapier of Bread {heavy, rPois rN+ Dex+4
                  | Stlth-}
 26365 | Orc:1    | Received a gift from Trog
 27745 | Orc:2    | Found a staircase to the Elven Halls.
 28079 | Orc:2    | Found Norof's Assorted Antiques.
 28079 | Orc:2    | Found Xopet's Distillery.
 28081 | Orc:2    | Found Peruwoz's Antique Armour Shoppe.
 28083 | Orc:2    | Found Quumyk's Antique Weapon Shop.
 28088 | Orc:2    | Bought a potion of heal wounds for 75 gold pieces
 28088 | Orc:2    | Bought a potion of mutation for 120 gold pieces
 28095 | Orc:2    | Bought a runed battleaxe for 247 gold pieces
 29396 | D:12     | Noticed Jorgrun
 29418 | D:12     | Killed Jorgrun
 29712 | D:12     | Noticed Josephine
 29722 | D:12     | Killed Josephine
 30186 | D:13     | Found a gate to the Vaults.
 30312 | D:13     | Noticed Sonja
 30318 | D:13     | Killed Sonja
 30665 | D:13     | Received a gift from Trog
 30795 | D:13     | Found a portal to a secret trove of treasure.
 31835 | D:15     | Entered Level 15 of the Dungeon
 31945 | D:15     | Identified the +6 short sword "Qeup Poy" {freeze, Int+7}
 32037 | D:15     | Found an ancient bone altar of Kikubaaqudgha.
 32087 | D:15     | Found Koqef's Book Shop.
 32139 | D:15     | Reached skill level 15 in Fighting
 32294 | D:15     | Found a staircase to the Depths.
 32793 | Elf:1    | Entered Level 1 of the Elven Halls
 32802 | Elf:1    | Identified the +0 dire flail "Dirotur" {heavy, rPois rC+}
                  | (Trog gifted it to you on level 1 of the Elven Halls)
 32802 | Elf:1    | Received a gift from Trog
 32857 | Elf:1    | Reached XP level 16. HP: 149/149 MP: 5/15
 33266 | Elf:1    | Paralysed by an air elemental for 1 turns
 33717 | Elf:1    | Paralysed by an air elemental for 1 turns
 34860 | Elf:2    | Found an ancient bone altar of Kikubaaqudgha.
 35234 | Elf:2    | Identified the +8 triple sword "Umme" {heavy, Str+2} (Trog
                  | gifted it to you on level 2 of the Elven Halls)
 35234 | Elf:2    | Received a gift from Trog
 35429 | Elf:2    | Found a huge runed translucent gate.
 35429 | Elf:2    | Found a huge runed translucent gate.
 35457 | Elf:2    | Found a huge runed translucent gate.
 35457 | Elf:2    | Found a huge runed translucent gate.
 35458 | Elf:2    | Found a huge runed translucent gate.
 35627 | Elf:3    | Entered Level 3 of the Elven Halls
 36447 | Elf:3    | Found a shimmering blue altar of Sif Muna.
 36821 | Elf:3    | Identified the +9 glaive "Qohinofi" {vamp, rN+ MP+9 Int+2}
 36825 | Elf:3    | Reached skill level 15 in Armour
 36835 | Elf:3    | Noticed a deep elf blademaster
 36865 | Elf:3    | Noticed a deep elf master archer
 36868 | Elf:3    | Noticed a Tzitzimitl
 36870 | Elf:3    | Noticed an Ice Fiend
 36876 | Elf:3    | Killed a deep elf master archer
 37081 | Elf:3    | Identified the +11 war axe of the Enchanted Forest {drain,
                  | rN+ Will+++ Int+2 Dex-2}
 37087 | Elf:3    | Identified the ring of the Vanishing Emperors {rF+ rN+}
 37111 | Elf:3    | Noticed a deep elf master archer
 37115 | Elf:3    | Killed a deep elf blademaster
 37118 | Elf:3    | Killed a ghostly deep elf blademaster
 37118 | Elf:3    | Noticed an Ice Fiend
 37255 | Elf:3    | Killed a deep elf master archer
 38451 | Elf:3    | Noticed a deep elf blademaster
 38463 | Elf:3    | Killed a deep elf blademaster
 38575 | Elf:3    | Reached XP level 17. HP: 158/158 MP: 16/16
 38670 | Elf:3    | Noticed a Hell Sentinel
 39354 | Elf:3    | Identified the +6 shortbow of Lerchy Muemio {elec, Will+
                  | Int+3}
 39355 | Elf:3    | Identified the +1 pair of gloves "Lyudeqaon" {MP+9}
 39407 | Elf:3    | Identified the staff "Webaquetz" {rF+ Str+5 Int-4 Fire}
 39704 | Elf:3    | Gained mutation: You passively dampen the noise of your
                  | surroundings. [potion of mutation]
 39704 | Elf:3    | Gained mutation: You are partially covered in iridescent
                  | scales. (AC +2) [potion of mutation]
 39704 | Elf:3    | Gained mutation: Your spells are a little easier to cast,
                  | but a little less powerful. [potion of mutation]
 39705 | Elf:3    | Lost mutation: You are partially covered in iridescent
                  | scales. (AC +2) [potion of mutation]
 39705 | Elf:3    | Lost mutation: You passively dampen the noise of your
                  | surroundings. [potion of mutation]
 39705 | Elf:3    | Lost mutation: Your spells are a little easier to cast, but
                  | a little less powerful. [potion of mutation]
 39705 | Elf:3    | Gained mutation: You are robust. (+10% HP) [potion of
                  | mutation]
 39706 | Elf:3    | Lost mutation: You are robust. (+10% HP) [potion of
                  | mutation]
 39706 | Elf:3    | Gained mutation: Armour fits poorly on your strangely
                  | shaped body. [potion of mutation]
 39706 | Elf:3    | Gained mutation: You are agile. (Dex +4, Str/Int -1)
                  | [potion of mutation]
 39706 | Elf:3    | Gained mutation: You are vulnerable to cold. (rC-) [potion
                  | of mutation]
 39707 | Elf:3    | Lost mutation: Armour fits poorly on your strangely shaped
                  | body. [potion of mutation]
 39707 | Elf:3    | Lost mutation: You are vulnerable to cold. (rC-) [potion of
                  | mutation]
 39707 | Elf:3    | Lost mutation: You are agile. (Dex +4, Str/Int -1) [potion
                  | of mutation]
 39707 | Elf:3    | Gained mutation: You are partially covered in iridescent
                  | scales. (AC +2) [potion of mutation]
 39708 | Elf:3    | Lost mutation: You are partially covered in iridescent
                  | scales. (AC +2) [potion of mutation]
 39708 | Elf:3    | Gained mutation: You occasionally lose the ability to drink
                  | potions when taking damage. [potion of mutation]
 39708 | Elf:3    | Gained mutation: You have a pair of large horns on your
                  | head. [potion of mutation]
 39709 | Elf:3    | Lost mutation: You have a pair of large horns on your head.
                  | [potion of mutation]
 39709 | Elf:3    | Lost mutation: You occasionally lose the ability to drink
                  | potions when taking damage. [potion of mutation]
 39709 | Elf:3    | Gained mutation: A frigid envelope surrounds you and
                  | freezes all who hurt you. [potion of mutation]
 39709 | Elf:3    | Gained mutation: You are weak. (Str -2) [potion of
                  | mutation]
 39709 | Elf:3    | Gained mutation: Your movements are slightly less
                  | encumbered by armour. (ER -2) [potion of mutation]
 39710 | Elf:3    | Lost mutation: A frigid envelope surrounds you and freezes
                  | all who hurt you. [potion of mutation]
 39710 | Elf:3    | Lost mutation: Your movements are slightly less encumbered
                  | by armour. (ER -2) [potion of mutation]
 39710 | Elf:3    | Lost mutation: You are weak. (Str -2) [potion of mutation]
 39710 | Elf:3    | Gained mutation: You are vulnerable to cold. (rC-) [potion
                  | of mutation]
 39710 | Elf:3    | Gained mutation: You possess an exceptional clarity of
                  | mind. [potion of mutation]
 39711 | Elf:3    | Lost mutation: You possess an exceptional clarity of mind.
                  | [potion of mutation]
 39711 | Elf:3    | Lost mutation: You are vulnerable to cold. (rC-) [potion of
                  | mutation]
 39711 | Elf:3    | Gained mutation: You passively map a small area around you.
                  | [potion of mutation]
 39711 | Elf:3    | Gained mutation: Your natural rate of healing is unusually
                  | fast. [potion of mutation]
 39711 | Elf:3    | Gained mutation: Your flesh is heat resistant. (rF+)
                  | [potion of mutation]
 39712 | Elf:3    | Lost mutation: Your flesh is heat resistant. (rF+) [potion
                  | of mutation]
 39712 | Elf:3    | Lost mutation: Your natural rate of healing is unusually
                  | fast. [potion of mutation]
 39712 | Elf:3    | Lost mutation: You passively map a small area around you.
                  | [potion of mutation]
 39712 | Elf:3    | Gained mutation: Your system is resistant to poisons.
                  | (rPois) [potion of mutation]
 39712 | Elf:3    | Gained mutation: Your muscles are strong. (Str +4, Int/Dex
                  | -1) [potion of mutation]
 39942 | Spider:1 | Entered Level 1 of the Spider Nest
 39948 | Spider:1 | Received a gift from Trog
 39956 | Spider:1 | Reached skill level 10 in Maces & Flails
 42733 | Spider:3 | Reached skill level 1 in Throwing
 43058 | Spider:3 | Reached skill level 1 in Stealth
 43902 | Spider:3 | Identified the +2 cloak of the Tired Xenops {rPois rCorr
                  | Stlth-}
 44128 | Spider:3 | Noticed Kirke
 44149 | Spider:3 | Killed Kirke
 44674 | Spider:4 | Entered Level 4 of the Spider Nest
 44675 | Spider:4 | Noticed Agnes
 44712 | Spider:3 | Killed Agnes
 44847 | Spider:4 | Received a gift from Trog
 44968 | Spider:3 | Reached XP level 18. HP: 162/168 MP: 7/17
 45042 | Spider:4 | Noticed Arachne
 45056 | Spider:4 | Killed Arachne
 46084 | Spider:4 | Reached skill level 20 in Axes
 47978 | Spider:4 | Noticed Louise
 47994 | Spider:4 | Killed Louise
 52177 | Spider:4 | Got a gossamer rune of Zot
 52178 | Spider:4 | Identified the +2 hat "Mitoschygg" {rC++}
 52180 | Spider:4 | Reached skill level 5 in Dodging
 52180 | Spider:4 | Reached XP level 19. HP: 177/177 MP: 4/18
 52731 | Swamp:1  | Entered Level 1 of the Swamp
 55567 | Swamp:1  | Reached skill level 5 in Throwing
 55711 | Swamp:2  | Received a gift from Trog
 57876 | Swamp:3  | Reached skill level 10 in Evocations
 58461 | Swamp:4  | Entered Level 4 of the Swamp
 58524 | Swamp:3  | Reached skill level 5 in Stealth
 59636 | Swamp:4  | Noticed the 27-headed Lernaean hydra
 59671 | Swamp:4  | Killed the 26-headed Lernaean hydra
 59672 | Swamp:4  | Reached XP level 20. HP: 185/185 MP: 4/19
 60091 | Swamp:4  | Received a gift from Trog
 60104 | Swamp:4  | Got a decaying rune of Zot
 60617 | Vaults:1 | Entered Level 1 of the Vaults
 61307 | Vaults:1 | Identified the +2 kite shield of the Cicada {Rampage}
 61307 | Vaults:1 | Noticed Donald
 61320 | Vaults:1 | Killed Donald
 62127 | Vaults:1 | Noticed Zenata
 62141 | Vaults:1 | Killed Zenata
 62490 | Vaults:2 | Received a gift from Trog
 62720 | Vaults:2 | Identified the +2 robe of the Maze {Fly rCorr Str-4 Int-4}
 62823 | Vaults:2 | Noticed Bai Suzhen
 62839 | Vaults:2 | Killed Bai Suzhen
 63709 | Vaults:2 | Reached skill level 21 in Axes
 64809 | Vaults:3 | Reached XP level 21. HP: 195/195 MP: 3/20
 65175 | Vaults:3 | Reached skill level 10 in Stealth
 65321 | Vaults:3 | Found a staircase to the Crypt.
 65329 | Crypt:1  | Entered Level 1 of the Crypt
 65489 | Crypt:1  | Found a runed translucent gate.
 65489 | Crypt:1  | Found an ancient bone altar of Kikubaaqudgha.
 65490 | Crypt:1  | Found a runed translucent gate.
 65490 | Crypt:1  | Noticed Zievuyg's ghost (adept MiFi)
 65490 | Crypt:1  | Noticed Sosemofa's ghost (veteran DsSu)
 65492 | Crypt:1  | Found a runed translucent gate.
 65492 | Crypt:1  | Noticed a dread lich
 66156 | Crypt:1  | You fall into a shaft and drop 1 floor!
 66209 | Crypt:2  | Noticed Grunn
 66215 | Crypt:2  | Killed Grunn
 66229 | Crypt:2  | Reached ****** piety under Trog
 66235 | Crypt:1  | Killed from afar by a putrid mouth

Illustrated notes

Levels and vault maps discovered:
D:1:      tarquinn_simple_flora_water_a, layout_basic, nrook_mini_vaults,
          hex_tiny
D:2:      layout_basic, shapermc_ecumenical_altar_rom_forum,
          hangedman_abyss_or_decor_lesser_grid
D:3:      layout_basic, nicolae_wu_jian_wuxing_cycle, zin_scriptorium,
          serial_shops, nicolae_shop_statue_plus,
          nicolae_shop_just_a_little_nook, shop
D:4:      layout_basic, uniq_natasha
D:5:      layout_loops_ring, lightli_temple_of_fire,
          mainiacjoe_overflow_cross_hatched,
          mainiacjoe_overflow_concentric_impassable, kennysheep_generic_room_3,
          uniq_eustachio, uniq_crazy_yiuf_cottage
D:6:      minmay_spotlight, layout_basic, kennysheep_okawaru_gauntlet,
          nicolae_gozag_zags_fifth_avenue, mainiacjoe_overflow_surrounded_room,
          nicolae_ru_awakened_eye, kennysheep_mini, minmay_temple_entry_trees,
          gup_sewer_entry_spiral, serial_shops, nicolae_shop_behind_doors,
          nicolae_shop_tiny_glass, nicolae_shop_bloodbath_and_beyond, shop,
          nicolae_shop_tiny_glass, grunt_ministairs_2, skrybe_limestone_x,
          serial_bayou_pond_d
D:7:      layout_basic, gammafunk_ghost_nasty_kobolds,
          hangedman_decor_diamond_cutter, uniq_jeremiah
D:8:      layout_basic, enter_bailey_1, special_room [special_room_orc],
          kennysheep_doodads, minmay_shop_mayhem
D:9:      layout_big_octagon, overflow_temple_1_default,
          overflow_temple_1_default, gammafunk_ghost_icy, serial_shops, shop,
          wad_rectangle_vault
D:10:     layout_cave_pools, marbit_many_paths, mainiacjoe_overflow_paths,
          lair_entry_dummy, kennysheep_orc_monster_closet_entryway, serial_park,
          serial_park_avenue1, serial_park_tiny_1, serial_park_tiny_1,
          serial_park_square3 [serial_park_minivault_5x5_8],
          minmay_rotating_lava
D:11:     layout_rooms
D:12:     layout_loops_ring, chequers_jeans, uniq_jorgrun, uniq_josephine
D:13:     layout_roguey, david_vaults_1, nicolae_trove_entry_path_of_doom,
          uniq_sonja
D:14:     layout_roguey
D:15:     gammafunk_depths_entry_grave, layout_rooms, kiku_gazebo_pond_becter,
          serial_shops, nicolae_shop_tiny_statue_garden,
          lemuel_flamethrower_hall
Lair:1:   layout_hall_layers, grunt_megastairs_4, uniq_fannar
Lair:2:   layout_concentric_octagons, swamp_mist, spider_nest_entry_rubble,
          portal_ice_cave_rime
Lair:3:   layout_roguey, wad_woods_03, uniq_gastronok
Lair:4:   layout_regular_city, minmay_slime_entry_eyes, disabler_island,
          uniq_rupert
Lair:5:   cheibrodos_lair_end_hotspot, layout_gridlike,
          chequers_serial_rivers_small_b
Swamp:1:  layout_basic_swamp, evilmike_swamp_ruin_rubble_2, swamp_pool5
Swamp:2:  layout_basic_swamp, nicolae_swamp_dense_foliage
Swamp:3:  layout_basic_swamp, evilmike_swamp_ruin_rubble_1, swamp_pool1
Swamp:4:  swamp, layout_basic_swamp, swamp_pool2
Spider:1: nicolae_spider_jumping_over_cracks [nicolae_spider_jumping_sub_moat,
          nicolae_spider_jumping_sub_stairs, nicolae_spider_jumping_sub_plain,
          nicolae_spider_jumping_sub_empty]
Spider:2: layout_spider_delve
Spider:3: layout_chambers, nicolae_spider_orb_run, uniq_kirke
Spider:4: grunt_spider_rune_parallel, nicolae_spider_scorpion_nest,
          uniq_arachne, uniq_agnes, uniq_louise
Orc:1:    layout_caves, nicolae_orc_lost_temple
Orc:2:    st_orc_rangers, layout_diamond_mine, gauntlet_entry_generic
Elf:1:    layout_onion_city, minmay_elf_sorcery, minivault_8
Elf:2:    elven_hall_of_blades_hangedman_alternative [nicolae_blade_tridents],
          layout_onion_city, basic_altar, grunt_megastairs_5
Elf:3:    elf_hall, layout_onion_city, basic_altar
Vaults:1: ontoclasm_vaults_tryst, nicolae_vaults_heart-shaped_vault,
          nicolae_vaults_sealed_display, v_misc_3, nicolae_vaults_meiosis,
          ontoclasm_vaults_gateway, v_misc_30, v_misc_19,
          hangedman_vaults_cutoff, nicolae_vaults_library_corner,
          ontoclasm_vaults_ring_small, nicolae_vaults_house_1,
          nicolae_vaults_house_2, layout_vaults_omnicross, uniq_donald,
          uniq_zenata
Vaults:2: hangedman_vaults_nails, nicolae_vaults_turnstiles,
          nicolae_vaults_weapon_check, ontoclasm_vaults_ring_large,
          hangedman_vaults_stitches, nicolae_vaults_little_squares_2,
          hangedman_vaults_capsules, nicolae_vaults_alarming,
          nicolae_vaults_hexular_roomagon, vaults_dpeg_diagonal,
          ontoclasm_vaults_pinch, layout_vaults_ring, uniq_bai_suzhen
Vaults:3: nicolae_vaults_specimen_jars, dpeg_vaults_monster_box,
          nicolae_vaults_tangram_1, v_misc_12, minmay_crypt_entry_simple_walls,
          v_pattern_5, vaults_room_stairs_pillars, nicolae_vaults_shelves_hall,
          nicolae_vaults_house_3, v_alt_pattern_1, layout_vaults_omnigrid,
          uniq_frederick, uniq_margery
Crypt:1:  layout_rooms, gammafunk_ghost_crypt, grunt_megastairs_3,
          lemuel_upstairs_altar
Crypt:2:  layout_misc_corridors, nicolae_danse_macabre, grunt_megastairs_2,
          uniq_grunn

Skill      XL: |  1  2  3  4  5  6  7  8  9 10 11 12 13 14 15 16 17 18 19 20 21 |
---------------+----------------------------------------------------------------+-----
Axes           | 4 5 6 7 8 10 11 13 15 16 18 19 20 21 | 21.5
Fighting       | 4 5 6 7 8 10 11 12 13 14 15 16 17 18 | 18.9
Ranged Weapons | 2 3 5 7 9 11 13 14 15 16 17 18 | 18.7
Armour         | 5 8 11 13 15 17 18 19 | 19.0
Evocations     | 2 4 5 7 8 9 10 | 10.5
Maces & Flails | 1 5 7 9 10 | 10.5
Throwing       | 2 4 5 6 |  6.7
Stealth        | 2 4 5 9 11 | 11.6
Dodging        | 3 5 6 8 9 |  9.6

Action                     |  1- 3 |  4- 6 |  7- 9 | 10-12 | 13-15 | 16-18 | 19-21 || total
---------------------------+-------+-------+-------+-------+-------+-------+-------++-------
  Melee: Short sword       |    73 |    20 |       |       |       |       |       ||    93
         Headbutt          |    10 |    18 |    33 |    67 |   163 |   126 |   194 ||   611
         Hand axe          |     1 |       |       |       |       |       |       ||     1
         Punch             |     1 |       |     2 |       |       |     2 |    14 ||    19
         Trident           |       |   101 |    61 |       |       |       |       ||   162
         Battleaxe         |       |       |   125 |   279 |   646 |   230 |   170 ||  1450
         Glaive            |       |       |       |    59 |       |       |       ||    59
         Great mace        |       |       |       |       |    22 |       |       ||    22
         Flail             |       |       |       |       |     6 |     5 |       ||    11
         War axe           |       |       |       |       |       |   360 |   580 ||   940
   Fire: Sling             |       |    40 |     3 |       |       |       |       ||    43
         Arbalest          |       |       |   147 |   235 |   163 |   578 |   299 ||  1422
         Hand crossbow     |       |       |       |       |   164 |       |       ||   164
  Throw: Dart              |       |     3 |     5 |       |       |    15 |       ||    23
         Boomerang         |       |       |       |     3 |     5 |     6 |     6 ||    20
         Javelin           |       |       |       |       |       |     5 |       ||     5
 Invoke: Berserk           |     2 |     2 |     5 |     7 |     9 |     7 |     4 ||    36
         Trog's Hand       |       |     2 |     6 |    18 |    24 |    22 |    16 ||    88
         Brothers in Arms  |       |       |       |       |       |       |     2 ||     2
  Evoke: Wand              |       |       |     1 |     3 |     1 |    13 |    12 ||    30
    Use: Scroll            |       |     8 |     5 |    14 |    13 |     6 |     5 ||    51
         Potion            |       |       |       |     5 |     5 |    12 |     2 ||    24
   Stab: Invisible         |       |       |       |       |     2 |     2 |     3 ||     7
         Paralysed         |       |       |       |       |     2 |       |     2 ||     4
 Armour: Animal skin       |    10 |       |       |       |       |       |       ||    10
         Chain mail        |     1 |    39 |    65 |       |       |       |       ||   105
         Crystal plate arm |       |       |       |   281 |   537 |   748 |   723 ||  2289
  Dodge: Dodged            |    43 |    82 |   142 |   183 |   446 |   412 |   357 ||  1665

Table legend: (Time is in decaauts)
 A = Elapsed time spent in this place.
 B = Non-inter-level travel time spent in this place.
 C = Inter-level travel time spent in this place.
 D = Time resting spent in this place.
 E = Time spent auto-exploring this place.
 F = Levels seen in this place.
 G = Mean time per level.
                   A        B        C        D        E       F      G
               +--------+--------+--------+--------+--------+-----+--------+
         Total |  67001 |  64276 |   2725 |  29162 |  23576 |  41 | 1634.2 |
       Dungeon |  18445 |  17093 |   1352 |   4824 |   8515 |  15 | 1229.7 |
          Lair |   6580 |   5986 |    594 |   1921 |   2791 |   5 | 1316.0 |
         Swamp |   7807 |   7624 |    183 |   4094 |   2743 |   4 | 1951.8 |
   Spider Nest |  12787 |  12564 |    223 |   8418 |   2647 |   4 | 3196.8 |
  Orcish Mines |   3188 |   2968 |    220 |   1746 |    566 |   2 | 1594.0 |
   Elven Halls |   6969 |   6844 |    125 |   2884 |   2162 |   3 | 2323.0 |
        Vaults |   4632 |   4607 |     25 |    740 |   3146 |   3 | 1544.0 |
         Crypt |    915 |    915 |      0 |    367 |    308 |   2 |  457.5 |
        Bailey |   2341 |   2341 |      0 |   1921 |     40 |   1 | 2341.0 |
      Ice Cave |   3047 |   3047 |      0 |   2094 |    646 |   1 | 3047.0 |
      Gauntlet |    286 |    286 |      0 |    147 |     10 |   1 |  286.0 |
               +--------+--------+--------+--------+--------+-----+--------+

Top non-repeatable levels by time:
Spider:4: 7573 daAuts
   Elf:3: 4008 daAuts
   IceCv: 3047 daAuts
Spider:3: 2976 daAuts
 Swamp:1: 2969 daAuts
    D:10: 2520 daAuts
   Orc:2: 2503 daAuts
  Bailey: 2341 daAuts
     D:8: 2077 daAuts
     D:6: 1914 daAuts
 Swamp:4: 1911 daAuts
  Lair:5: 1781 daAuts
     D:5: 1768 daAuts
Vaults:1: 1724 daAuts
 Swamp:3: 1683 daAuts
